 Dungeon Crawl Stone Soup version 0.23.2-33-g5129a83184 (webtiles) character file.

Game seed: 4454465046564290160

214 Folque the Charmwright (level 5, -2/41 HPs)
             Began as a Centaur Skald on July 8, 2019.
             Slain by a kobold
             ... wielding a +0 dagger
              (4 damage)
             ... on level 3 of the Dungeon.
             The game lasted 00:08:55 (2792 turns).

Folque the Charmwright (Centaur Skald)              Turns: 2792, Time: 00:08:57

Health: -2/41      AC:  4    Str: 13    XL:     5   Next: 59%
Magic:  3/8        EV:  9    Int: 13    God:
Gold:   85         SH:  0    Dex:  9    Spells: 0/8 levels left

rFire    . . .     SeeInvis .   a - +0 falchion
rCold    . . .     Gourm    .   (no shield)
rNeg     . . .     Faith    .   b - +0 leather armour
rPois    .         Spirit   .   (no helmet)
rElec    .         Reflect  .   (no cloak)
rCorr    .         Harm     .   (no gloves)
MR       .....                  (no barding)
Stlth    ..........             (no amulet)
HPRegen  0.13/turn              (no ring)
MPRegen  0.11/turn              (no ring)

@: very slightly contaminated, lightly drained, very quick
A: large, hooves 3, deformed body, speed 2, tough skin 3
a: no special abilities


You were on level 3 of the Dungeon.
You were hungry.

You visited 1 branch of the dungeon, and saw 3 of its levels.

You collected 85 gold pieces.

Inventory:

Hand Weapons
 a - a +0 falchion (weapon)
Missiles
 o - 3 tomahawks (quivered)
 q - 18 poisoned needles
Armour
 b - a +0 leather armour (worn)
 g - a +0 buckler
Scrolls
 e - 3 scrolls of teleportation {unknown}
 f - 4 scrolls of remove curse {unknown}
 h - 3 scrolls of identify {unknown}
 i - 4 scrolls of amnesia {unknown}
 j - a scroll of magic mapping {unknown}
 m - a scroll of immolation {unknown}
Potions
 c - 2 potions of might {unknown}
 k - a potion of heal wounds {unknown}
 l - a potion of curing {unknown}
 n - a potion of lignification {unknown}
Comestibles
 d - 7 rations
 p - a chunk of flesh


   Skills:
 - Level 2.0(1.9) Fighting
 + Level 3.3 Long Blades
 - Level 0.6(0.5) Armour
 - Level 1.3 Dodging
 - Level 2.2 Spellcasting
 * Level 1.9 Hexes
 + Level 4.0 Charms


You couldn't memorise any spells.
You knew the following spells:

 Your Spells              Type           Power        Failure   Level  Hunger
a - Infusion              Chrm           ##..         6%          1    ##.....
b - Shroud of Golubria    Chrm/Tloc      #.........   22%         2    ###....
c - Spectral Weapon       Hex/Chrm       #.......     28%         3    ####...
d - Song of Slaying       Chrm           ##......     10%         2    ###....

Your spell library contained the following spells:

 Spells                   Type           Power        Failure   Level  Hunger
 Regeneration             Chrm/Necr      #.........   38%         3    ####...


Dungeon Overview and Level Annotations

Branches:
Dungeon (3/15)

Altars:


Innate Abilities, Weirdness & Mutations

You have hooves in place of feet.
Armour fits poorly on your strangely shaped body.
You cover ground very quickly.
You have extremely tough skin. (AC +3)


Message History

You bump into the rock wall.
You feel less confused.
Your song is almost over.
The orc wizard casts a spell.
The orc wizard flickers and vanishes!
Deactivating autopickup; reactivate with Ctrl-A.
Your leather armour prevents you from hitting something.
Something hits you but does no damage.
You miss something. You kick something. Something hits you but does no damage.
Some of the chunks of flesh in your inventory have rotted away.
You miss something.
Something hits you but does no damage. x2
You closely miss something. Something hits you.
* * * LOW HITPOINT WARNING * * *
You miss the kobold. Your kick misses the kobold.
Your song has ended.
The kobold hits you with a +0 dagger.
* * * LOW HITPOINT WARNING * * *
Something hits you.
* * * LOW HITPOINT WARNING * * *
The kobold hits you with a +0 dagger.
You die...

.# .. . .. .# .#
## .# #. #.# .#
.###...#
.##.##.####.
.....#.#
##...........
.###...#
#..........#
.####..#
#..##.....
.......#
#..##)?.#
#####.##
#..##K{.# #.#
#..##@..# #.#
#)......#
#.######..##...#
#.).÷..((†.....#
########..###.##
#(.......
##.######.# #.^
# ####


You could see a kobold.

Vanquished Creatures
  An orc priest (D:3)
  An orc wizard (D:3)
  4 gnolls (D:2)
  4 adders
  2 worms (D:2)
  2 dart slugs
  A leopard gecko (D:2)
  5 orcs (D:3)
  11 bats
  8 giant cockroaches
  7 goblins
  6 hobgoblins
  5 kobolds
  21 rats
  A fungus (D:1)
79 creatures vanquished.

Notes
Turn   | Place    | Note
-------+----------+-------------------------------------------
     0 | D:1      | Folque the Centaur Skald began the quest for the Orb.
     0 | D:1      | Reached XP level 1. HP: 17/17 MP: 3/3
   309 | D:1      | Reached XP level 2. HP: 11/24 MP: 4/4
   511 | D:1      | Reached skill level 3 in Charms
   676 | D:1      | Learned a level 2 spell: Shroud of Golubria
  1015 | D:1      | Reached XP level 3. HP: 29/29 MP: 5/5
  1672 | D:2      | Reached XP level 4. HP: 36/36 MP: 0/7
  1681 | D:2      | Learned a level 3 spell: Spectral Weapon
  2244 | D:3      | Reached skill level 1 in Hexes
  2247 | D:3      | Reached XP level 5. HP: 15/41 MP: 2/8
  2661 | D:3      | Learned a level 2 spell: Song of Slaying
  2776 | D:3      | Reached skill level 4 in Charms
  2792 | D:3      | HP: 2/41 [something (1)]
  2792 | D:3      | Slain by a kobold

Skill      XL: |  1  2  3  4  5 |
---------------+----------------+-----
Long Blades    | 2 3 |  3.3
Charms         | 3 4 |  4.0
Spellcasting   | 2 |  2.2
Hexes          | 1 |  1.9
Fighting       | |  2.0
Armour         | |  0.6
Dodging        | |  1.3

Action                   |  1- 3 |  4- 6 || total
-------------------------+-------+-------++-------
Melee: Falchion          |   158 |    92 ||   250
       Kick              |    28 |    19 ||    47
 Cast: Infusion          |     4 |     1 ||     5
       Shroud of Golubri |     3 |     2 ||     5
       Spectral Weapon   |       |     4 ||     4
       Song of Slaying   |       |     1 ||     1
  Eat: Chunk             |     2 |     4 ||     6
Armor: Leather armour    |    78 |    31 ||   109
Dodge: Dodged            |    83 |    33 ||   116
       Rpst.: Falchion   |    25 |    11 ||    36
